 Dungeon Crawl Stone Soup version 0.30-a0-535-g2c0b3469a7 (webtiles) character file.

Game seed: 8246250441318581749

7655420 RepoMan the Merry Demonspawn (level 27, 444/444 HPs)
             Began as a Demonspawn Gladiator on Dec 21, 2022.
             Was the Champion of Dithmenos.
             Escaped with the Orb
             ... and 10 runes on Dec 25, 2022!
             The game lasted 11:40:50 (97135 turns).

RepoMan the Merry Demonspawn (DsGl)                Turns: 97135, Time: 11:40:51

Health: 444/444    AC: 29    Str: 21 (24) XL:     27
Magic:  33/33      EV: 25    Int: 12 (14) God:    Dithmenos [******]
Gold:   5468       SH:  5    Dex: 21 (22) Spells: 11/39 levels left

rFire   + + .      SeeInvis +    w - +5 sword of Power {vorpal}
rCold   + + .      Faith    .    (shield currently unavailable)
rNeg    + + .      Spirit   .    O - +8 fire dragon scales {Xtahua}
rPois   +          Reflect  +    q - +1 helmet of Qazlal's Supremacy {Will++}
rElec   +          Harm     .    Z - +2 cloak of Uskayaw's Benevolence {Int+4 Stlth+}
rCorr   +          Rampage  .    A - +2 pair of gloves {Dex+3}
Will    +++++                    (boots unavailable) Stlth
                                 T - amulet of the Evil One {Reflect rN+ Str+3 SH+5}
HPRegen 0.94/turn                W - ring "Pentuos" {rC+++ rN+ Str+4 Dex-3}
MPRegen 0.23/turn                R - ring of Juimoeqe {rElec rPois Will+ Dex-4 SInv}

@: berserking, wreathed by umbra, studying 5 skills, very quick
A: hooves 3, yellow scales 3, powered by pain 3, robust 3, spiny 3, deformed
body, sturdy frame 1
0: Orb of Zot
}: 10/15 runes: serpentine, barnacled, slimy, silver, abyssal, demonic, glowing,
magical, fiery, dark
a: Renounce Religion, Shadow Step, Shadow Form


You escaped.
You worshipped Dithmenos.
Dithmenos was exalted by your worship.
You visited 12 branches of the dungeon, and saw 56 of its levels.
You visited Pandemonium 1 time, and saw 16 of its levels.
You visited the Abyss 2 times.
You visited 1 bazaar.
You visited 1 ziggurat, and saw 7 of its levels.
You also visited: Ossuary, Bailey and Ice Cave.

You collected 11218 gold pieces.
You spent 5750 gold pieces at shops.

Inventory:

Hand Weapons
 c - the +11 plutonium sword {Contam Stlth-}
   (You acquired it in Pandemonium)

   It occasionally inflicts wild transmutation effects on those it strikes,
   inflicting malmutation or extra damage, or polymorphing them into a new form.
   Contam:    It causes magical contamination when unequipped.
   Stlth:     It makes you less stealthy.
 e - the +8 storm bow {elec, penet}
   (You bought it in a shop on level 6 of the Dungeon)

   Any ammunition fired from it occasionally discharges a powerful burst of
   electricity upon striking a foe.
   Any ammunition fired by it passes through the targets it hits, potentially
   hitting all targets in its path until it reaches maximum range.
 v - the +8 Vampire's Tooth {vamp}
   (You found it on level 3 of the Depths)

   It occasionally heals its wielder for the full amount of damage dealt when it
   wounds a living foe.
 w - the +5 sword of Power (weapon) {vorpal}
   (You took it off an orc wizard on level 10 of the Dungeon)

   It inflicts extra damage upon your enemies.
   It occasionally discharges a powerful but inaccurate bolt of energy upon
   striking a foe, with increased chance the greater the wielder's current
   health.
 x - a +9 antimagic demon blade
 z - the +6 sword of Cerebov {flame}
   (You took it off Cerebov in Pandemonium)

   It burns those it strikes, dealing additional fire damage.
   Big, fiery blades are also staple armaments of hydra-hunters.
   It temporarily reduces the fire resistance of those it strikes.
Missiles
 B - 9 curare-tipped darts
Armour
 i - the +5 ring mail of Fedhas, Holding {rPois Str-2 Int+8 Stlth+}
   (You found it on level 5 of the Pits of Slime)

   Str:       It affects your strength (-2).
   Int:       It affects your intelligence (+8).
   rPois:     It protects you from poison.
   Stlth:     It makes you more stealthy.
 q - the +1 helmet of Qazlal's Supremacy (worn) {Will++}
   (You found it on level 5 of the Pits of Slime)

   Will:      It greatly increases your willpower.
 r - a +2 cloak of cold resistance
 A - a +2 pair of gloves of dexterity (worn)
 F - a +2 cloak of poison resistance
 O - +8 fire dragon scales (worn) {Xtahua}
 Y - the +1 pair of gloves "Onwo" {+Inv Int+7}
   (You found it on level 3 of the Vaults)

   Int:       It affects your intelligence (+7).
   +Inv:      It lets you turn invisible.
 Z - the +2 cloak of Uskayaw's Benevolence (worn) {Int+4 Stlth+}
   (You acquired it on level 2 of the Realm of Zot)

   Int:       It affects your intelligence (+4).
   Stlth:     It makes you more stealthy.
Jewellery
 m - a +6 ring of intelligence
 p - a ring of flight
 N - the ring of Goskenex {rN+ EV+4 Int-2 Dex+5 Stlth+}
   (You took it off a vault warden on level 5 of the Vaults)

   [ring of evasion]

   EV:        It affects your evasion (+4).
   Int:       It affects your intelligence (-2).
   Dex:       It affects your dexterity (+5).
   rN:        It protects you from negative energy.
   Stlth:     It makes you more stealthy.
 R - the ring of Juimoeqe (right hand) {rElec rPois Will+ Dex-4 SInv}
   (You bought it in a shop on level 2 of the Orcish Mines)

   [ring of see invisible]

   Dex:       It affects your dexterity (-4).
   rElec:     It insulates you from electricity.
   rPois:     It protects you from poison.
   SInv:      It lets you see invisible.
   Will:      It increases your willpower.
 T - the amulet of the Evil One (around neck) {Reflect rN+ Str+3 SH+5}
   (You took it off a deep elf sorcerer on level 5 of the Vaults)

   [amulet of reflection]

   It reflects blocked missile attacks.
   Str:       It affects your strength (+3).
   rN:        It protects you from negative energy.
   SH:        It affects your SH (+5).
 U - the amulet "Guam Cec" {Reflect rN+++ Will- SH+5 Stlth+}
   (You found it in Pandemonium)

   [amulet of reflection]

   It reflects blocked missile attacks.
   rN:        It renders you almost immune to negative energy.
   SH:        It affects your SH (+5).
   Will:      It decreases your willpower.
   Stlth:     It makes you more stealthy.
 V - a ring of protection from fire
 W - the ring "Pentuos" (left hand) {rC+++ rN+ Str+4 Dex-3}
   (You found it on level 11 of the Dungeon)

   [ring of positive energy]

   Str:       It affects your strength (+4).
   Dex:       It affects your dexterity (-3).
   rC:        It renders you almost immune to cold.
   rN:        It protects you from negative energy.
Wands
 k - a wand of iceblast (29)
 s - a wand of digging (30)
Scrolls
 a - 5 scrolls of fog
 b - 6 scrolls of fear
 f - 9 scrolls of immolation
 g - 14 scrolls of teleportation
 j - 12 scrolls of poison
 l - a scroll of butterflies
 y - a scroll of enchant weapon
 E - a scroll of silence
 G - 5 scrolls of magic mapping
 Q - a scroll of enchant armour
 X - 5 scrolls of vulnerability
Potions
 h - 11 potions of flight
 n - 8 potions of curing
 o - 16 potions of brilliance
 t - 14 potions of lignification
 u - 10 potions of mutation
 D - 4 potions of ambrosia
 H - 3 potions of cancellation
 J - 2 potions of might
 K - 2 potions of resistance
 L - a potion of invisibility
 M - 3 potions of magic
Miscellaneous
 I - a phantom mirror
 P - a condenser vane
 S - a phial of floods


   Skills:
 + Level 21.1 Fighting
 - Level 23.3 Long Blades
 O Level 27 Ranged Weapons
 - Level 3.3 Throwing
 + Level 10.2 Armour
 - Level 21.1 Dodging
 - Level 9.9 Stealth
 - Level 6.6 Spellcasting
 - Level 15.5 Necromancy
 - Level 9.9 Translocations
 - Level 12.8 Transmutations
 - Level 3.3 Air Magic
 - Level 3.3 Earth Magic
 - Level 14.4 Invocations


You had 11 spell levels left.
You knew the following spells:

 Your Spells              Type           Power      Damage    Failure   Level
b - Blink                 Tloc           54%        N/A       1%          2
c - Death Channel         Necr           20%        N/A       9%          6
g - Apportation           Tloc           54%        N/A       1%          1
l - Lesser Beckoning      Tloc           54%        N/A       1%          3
p - Passwall              Tmut/Erth      19%        N/A       1%          2
u - Dispel Undead         Necr           41%        3d16      1%          4
v - Vhi's Electric Charg  Tloc/Air       38%        N/A       6%          3
w - Wereblood             Tmut           34%        N/A       1%          2
x - Borgnjor's Vile Clut  Necr/Erth      13%        N/A       19%         5

Your spell library contained the following spells:

 Spells                   Type           Power      Damage    Failure   Level
 Beastly Appendage        Tmut           68%        N/A       1%          1
 Kiss of Death            Conj/Necr      88%        2d12      1%          1
 Necrotise                Necr           100%       1d9       1%          1
 Sublimation of Blood     Necr           41%        N/A       1%          2
 Gell's Gravitas          Tloc           27%        N/A       1%          3
 Teleport Other           Tloc           27%        N/A       1%          3
 Vampiric Draining        Necr           41%        2d8       1%          3
 Animate Dead             Necr           41%        N/A       1%          4
 Agony                    Necr           41%        N/A       1%          5
 Sting                    Tmut/Pois      76%        1d6       2%          1
 Cigotuvi's Dreadful Rot  Necr/Pois/Air  38%        N/A       3%          2
 Momentum Strike          Conj/Tloc      30%        3d8       6%          2
 Sandblast                Erth           22%        2d7       9%          1
 Petrify                  Tmut/Erth      23%        N/A       12%         4
 Anguish                  Hex/Necr       11%        N/A       14%         4
 Ignite Poison            Fire/Tmut/Pois 14%        N/A       17%         3
 Ice Form                 Ice/Tmut       19%        N/A       22%         4
 Poisonous Vapours        Pois/Air       14%        N/A       26%         2
 Static Discharge         Conj/Air       14%        2-3/arc   26%         2
 Swiftness                Air            11%        N/A       26%         3
 Freeze                   Ice            12%        1d3       32%         1
 Magic Dart               Conj           12%        1d3       32%         1
 Slow                     Hex            12%        N/A       32%         1
 Summon Small Mammal      Summ           12%        N/A       32%         1
 Iskenderun's Mystic Bla  Conj/Tloc      15%        2d5       38%         4
 Ensorcelled Hibernation  Hex/Ice        6%         N/A       45%         2
 Searing Ray              Conj           6%         2d4       45%         2
 Stone Arrow              Conj/Erth      14%        3d7       45%         3
 Mephitic Cloud           Conj/Pois/Air  6%         N/A       52%         3
 Alistair's Intoxication  Tmut/Pois      12%        N/A       54%         5
 Irradiate                Conj/Tmut      9%         3d14      54%         5
 Dispersal                Tloc           13%        N/A       65%         6
 Call Canine Familiar     Summ           3%         N/A       69%         3
 Confusing Touch          Hex            3%         N/A       69%         3
 Dazzling Flash           Conj/Hex       6%         N/A       69%         3
 Frozen Ramparts          Ice            6%         1d1       69%         3
 Hailstorm                Conj/Ice       3%         3d3       69%         3
 Inner Flame              Hex/Fire       3%         N/A       69%         3
 Summon Guardian Golem    Hex/Summ       3%         N/A       69%         3
 Summon Forest            Summ/Tloc      7%         N/A       75%         5
 Animate Armour           Summ/Erth      14%        N/A       86%         4
 Summon Lightning Spire   Summ/Air       7%         N/A       86%         4
 Statue Form              Tmut/Erth      15%        N/A       88%         6
 Simulacrum               Ice/Necr       11%        N/A       91%         6
 Cause Fear               Hex            1%         N/A       97%         4
 Flame Wave               Conj/Fire      3%         2d5       97%         4
 Fulminant Prism          Conj/Hex       1%         3d5       97%         4
 Sticky Flame             Conj/Fire      3%         2d3       97%         4
 Summon Ice Beast         Ice/Summ       3%         N/A       97%         4
 Eringya's Noxious Bog    Tmut/Pois      9%         N/A       98%         6
 Borgnjor's Revivificati  Necr           20%        N/A       98%         8
 Infestation              Necr           20%        N/A       98%         8
 Arcjolt                  Conj/Air       3%         1d13      99%         5
 Freezing Cloud           Conj/Ice/Air   3%         6-21      99%         5
 Lightning Bolt           Conj/Air       3%         1d15      99%         5
 Necromutation            Tmut/Necr      19%        N/A       99%         8
 Fireball                 Conj/Fire      1%         3d3       100%        5
 Metabolic Englaciation   Hex/Ice        1%         N/A       100%        5
 Summon Mana Viper        Hex/Summ       3%         N/A       100%        5
 Conjure Ball Lightning   Conj/Air       3%         3x3d7     100%        6
 Summon Cactus Giant      Summ           1%         N/A       100%        6
 Enfeeble                 Hex            1%         N/A       100%        7
 Haunt                    Necr/Summ      11%        N/A       100%        7
 Malign Gateway           Summ/Tloc      7%         N/A       100%        7
 Monstrous Menagerie      Summ           1%         N/A       100%        7
 Storm Form               Tmut/Air       11%        N/A       100%        7
 Summon Hydra             Summ           1%         N/A       100%        7
 Discord                  Hex            1%         N/A       100%        8
 Disjunction              Tloc           13%        N/A       100%        8
 Lehudib's Crystal Spear  Conj/Erth      3%         10d3      100%        8
 Maxwell's Capacitive Co  Air            5%         ∞         100%        8
 Summon Horrible Things   Summ           1%         N/A       100%        8
 Chain Lightning          Conj/Air       3%         3d4       100%        9
 Death's Door             Necr           20%        N/A       100%        9
 Fire Storm               Conj/Fire      1%         8d1       100%        9
 Polar Vortex             Ice            1%         N/A       100%        9
 Shatter                  Erth           5%         3d8*      100%        9


Dungeon Overview and Level Annotations

Branches:
Dungeon (15/15)            Temple (1/1) D:4            Lair (5/5) D:11
 Shoals (4/4) Lair:2        Snake (4/4) Lair:3        Slime (5/5) Lair:4
    Orc (2/2) D:12            Elf (3/3) Orc:2        Vaults (5/5) D:13
  Crypt (3/3) Vaults:2       Tomb (0/3) Crypt:3      Depths (4/4) D:15
    Zot (5/5) Depths:4    Ossuary (visited)          Bailey (visited)
  IceCv (visited)

Altars:
Ashenzari
Cheibriados
Dithmenos
Fedhas
Gozag
Hepliaklqana
Kikubaaqudgha
Makhleb
Nemelex Xobeh
Okawaru
Qazlal
Ru
Sif Muna
Trog
Uskayaw
Vehumet
Wu Jian
Xom
Yredelemnul
Jiyva

Shops:
D:3 *   D:6 (   D:9 *   D:12 :   D:15 !   Orc:2 =[=!   Elf:1 *   Shoals:3 *
Snake:2 (   Vaults:1 [   Vaults:3 (   Vaults:5 (   Zot:2 *   Depths:1 :(

Portals:
Hell: Depths:1 Depths:2 Depths:3 Depths:4
Abyss: Depths:2 Depths:3
Pandemonium: Depths:1 Depths:2 Depths:4


Innate Abilities, Weirdness & Mutations

You have hooves in place of feet.
You are completely covered in yellow scales. (AC +4, rCorr)
You are powered by pain.
You are extremely robust. (+30% HP)
You are completely covered in sharp spines.
Armour fits poorly on your strangely shaped body.
Your movements are slightly less encumbered by armour. (ER -2)


Message History

There is a stone staircase leading up here.
You climb upwards.
There is a stone staircase leading down here.
Aiming: Dig
Press: ? - help, Shift-Dir - straight line You can't see that place. [a rock wall.]
The rock shatters into small pieces.
There is a stone staircase leading up here.
HP restored.
You climb upwards.
There is a stone staircase leading down here.
Aiming: Dig
Press: ? - help, Shift-Dir - straight line A rock wall.
This square is wreathed by an umbra and is covered in magical glow.
The rock shatters into small pieces.
A hell hound comes into view.
The hell hound moves out of view.
There is a stone staircase leading up here.
You climb upwards.
There is a stone staircase leading down here.
There is a stone staircase leading up here.
You climb upwards.
There is a stone staircase leading down here.
Aiming: Dig
Press: ? - help, Shift-Dir - straight line A rock wall.
This square is wreathed by an umbra and is covered in magical glow.
The rock shatters into small pieces.
Aiming: Dig
Press: ? - help, Shift-Dir - straight line A rock wall.
This square is wreathed by an umbra and is covered in magical glow.
The rock shatters into small pieces.
There is a staircase leading out of the dungeon here.
A red film seems to cover your vision as you go berserk!
You feel yourself moving faster!
You feel mighty!
You feel a strong urge to attack something.
You have escaped!

#######..## #.# ##. #.## #.# ##
#.# #.###### # #### #.# #.#....#
...# #.# ####.#+##.# ##.# #.#
#......'..# #.# #.# #.##.#'##.##
##.####.#####.#..#.#...##########
............#.'.@'.###.#........#
##.###...####.#..#.# #.#.######.#
#.##.....# #.####.###.#.# #.....
##.###...## #......#.#.#.###.##)#
...# ##.## ########.#.#........#
#### #.# #.# #.#.#####.#### #.#
#.###.#.# #...# ##'## #.......#
#...# ##...## ###.##### #...#


There were no monsters in sight!

Vanquished Creatures
  Cerebov (Pan)
  the Royal Jelly (Slime:5)
  Gloorx Vloq (Pan)
  Lom Lobon (Pan)
  Mnoleg (Pan)
  5 dread liches
  5 ancient liches
  2 pandemonium lords (Pan)
  3 orbs of fire
  Mara (Elf:3)
  A juggernaut (Depths:2)
  The ghost of Peona the Conqueror, a veteran MiGl of Okawaru (Vaults:1)
  Sojobo (Crypt:3)
  9 Killer Klowns
  Parghit (Zot:1)
  Bai Suzhen (Crypt:3)
  The ghost of Esuss the Lord of Darkness, a veteran DsNe of Kikubaaqudgha (Vaults:3)
  Frederick (Crypt:2)
  A caustic shrike (Depths:2)
  Xtahua (Vaults:5)
  6 curse toes
  15 golden dragons
  Nikola (Snake:1)
  A Tzitzimitl (Pan)
  7 Brimstone Fiends (Pan)
  5 bone dragons
  A hellephant (Pan)
  4 electric golems
  Jorgrun (D:14)
  16 tentacled monstrosities
  Mlioglotl (Shoals:1)
  A doom hound (Zig:6)
  2 Ice Fiends (Pan)
  4 liches
  25 Orb Guardians (Zot:5)
  The ghost of mn3067 the Warrior, an adept MiGl of Okawaru (Shoals:3)
  A tainted leviathan (Zig:6)
  5 titans
  8 quicksilver dragons
  4 deep elf blademasters
  12 acid blobs
  2 deep elf master archers (Elf:3)
  6 sphinxes
  Frances (Shoals:2)
  12 Executioners (Pan)
  10 tengu reavers
  9 death cobs
  Gastronok (Orc:1)
  9 ancient champions
  3 tentacled starspawn (Abyss:3)
  Donald (Orc:2)
  15 shadow dragons
  18 storm dragons
  11 azure jellies (Slime:5)
  Roxanne (D:15)
  5 nagarajas
  6 draconian monks
  2 revenants (Crypt:3)
  5 draconian knights
  12 rockslimes
  Ilsuiw (Shoals:2)
  A fenstrider witch (Zig:1)
  9 deep elf sorcerers
  2 demonspawn warmongers (Pan)
  4 iron dragons
  5 fire giants
  11 vault wardens
  29 balrugs
  13 frost giants
  6 curse skulls
  4 draconian scorchers
  An angel (D:6)
  The ghost of xsansara the Spry, an adept FeSu of Gozag (Elf:3)
  6 ghost moths
  5 draconian shifters
  20 ghouls
  16 cacodemons
  6 deep elf elementalists (Elf:3)
  22 ironbound preservers
  A spriggan defender (Depths:2)
  7 draconian stormcallers
  A reaper (Pan)
  An orc warlord (Vaults:1)
  36 very ugly things
  9 stone giants
  4 draconian annihilators
  14 quicksilver oozes
  2 starflowers (Abyss:3)
  9 demonspawn corrupters (Pan)
  4 ironbound thunderhulks
  12 vampire knights
  A putrid mouth (Zig:6)
  6 deep elf demonologists
  5 demonspawn blood saints (Pan)
  2 bennus (Zig:4)
  8 demonspawn black suns (Pan)
  6 yellow draconians
  9 lorocyprocas (Pan)
  8 green draconians
  Azrael (D:12)
  10 deep elf annihilators
  5 black draconians
  6 red draconians
  9 white draconians
  18 dire elephants
  The ghost of Thargor the Fighter, a journeyman MiFi of the Shining One (D:9)
  3 spark wasps
  13 purple draconians
  13 blizzard demons
  4 eidola
  11 ettins
  11 deep elf death magi
  A mummy priest (Zig:4)
  2 crystal guardians (Vaults:4)
  Josephine (Orc:2)
  3 entropy weavers
  10 jiangshi
  10 merfolk impalers
  4 merfolk javelineers
  6 fire dragons
  8 deep elf high priests
  11 green deaths
  8 yaktaur captains
  11 great orbs of eyes
  38 vault guards
  10 rakshasas
  Harold (Lair:2)
  Erolcha (Orc:1)
  5 hydras
  2 ice dragons
  2 salamander tyrants
  An ogre mage (Depths:3)
  A catoblepas (D:10)
  A peacekeeper (Vaults:4)
  3 ironbound frosthearts
  4 merfolk avatars
  8 merfolk aquamancers (Shoals:4)
  8 spriggan air magi
  4 hell beasts
  4 centaur warriors
  7 two-headed ogres
  21 dancing weapons
  5 boulder beetles
  10 anacondas
  3 satyrs
  9 tengu warriors
  5 deep troll earth magi
  7 deep troll shamans
  17 naga warriors
  4 death knights
  A death scarab (Zig:4)
  8 vampire magi
  A hell hog (Depths:3)
  3 death yaks (D:11)
  4 orc high priests
  A titan zombie (Depths:2)
  20 naga sharpshooters
  4 spriggan berserkers
  3 wretched stars (Abyss:3)
  8 shock serpents
  26 soul eaters
  A titan skeleton (Pan)
  Sonja (D:10)
  7 iron trolls
  18 deep elf knights
  15 sixfirhies (Pan)
  11 hell knights
  28 skeletal warriors
  A spark wasp zombie (Depths:2)
  7 shadow wraiths
  A pharaoh ant (Zig:7)
  57 sun demons
  15 sea snakes
  81 deep trolls
  A steelbarb worm (Zig:7)
  8 salamander mystics
  6 shadow demons (Pan)
  2 death drakes (Zot:3)
  A golden dragon zombie (Depths:2)
  4 flayed ghosts
  14 starcursed masses (Abyss:3)
  A sea snake (shapeshifter) (Vaults:5)
  A kraken simulacrum (Shoals:4)
  An orange crystal statue (Vaults:3)
  2 shadow dragon zombies
  6 naga ritualists
  7 glowing orange brains
  10 deep elf archers
  15 ironbound convokers
  9 orc knights
  18 wizards
  4 bog bodies
  13 phantasmal warriors
  9 harpies
  28 deep elf zephyrmancers
  10 lindwurms
  7 necromancers
  28 ugly things
  A stone giant zombie (Crypt:3)
  8 mana vipers
  2 wolf spiders (Zig:7)
  11 cyclopes
  27 deep elf pyromancers
  19 manticores
  8 oklob plants
  5 orc sorcerers
  5 fauns
  5 shining eyes
  An elephant (shapeshifter) (D:13)
  18 large abominations
  30 salamanders
  A sphinx skeleton (Vaults:4)
  A spectral centaur (D:9)
  8 merfolk sirens
  An ice statue (IceCv)
  A water nymph (shapeshifter) (Vaults:5)
  A fire giant zombie (Crypt:1)
  2 salamanders (shapeshifter)
  4 rust devils
  18 moths of wrath
  Maurice (D:8)
  Joseph (D:10)
  8 guardian serpents
  6 elephants
  A fire giant skeleton (Crypt:2)
  35 naga magi
  15 vault sentinels
  A centaur zombie (Crypt:3)
  28 orange demons (Pan)
  27 black mambas
  3 torpor snails
  2 gargoyles
  A pale draconian zombie (Crypt:3)
  2 eyes of devastation
  An alligator snapping turtle zombie (Crypt:3)
  A titan simulacrum (Vaults:4)
  4 water nymphs
  12 cane toads
  A kobold demonologist (D:12)
  62 smoke demons
  9 demonic crawlers (Pan)
  Psyche (D:8)
  2 unseen horrors
  A redback zombie (Crypt:1)
  10 komodo dragons
  A centaur skeleton (Pan)
  A white draconian zombie (Zot:3)
  25 hellions
  6 rime drakes
  15 yaktaurs
  9 efreet
  5 freezing wraiths
  5 tengu conjurers
  An anaconda simulacrum (IceCv)
  A yaktaur (shapeshifter) (Vaults:2)
  12 tormentors (Pan)
  28 hellwings (Pan)
  7 trolls
  5 guardian mummies
  3 ice devils
  A silent spectre (Zig:6)
  7 red devils
  A queen bee (D:14)
  30 merfolk
  20 wind drakes
  A hydra zombie (Crypt:3)
  A hornet (shapeshifter) (Vaults:1)
  3 meliai (D:14)
  The ghost of semem the Ruffian, an amateur NaTm (D:4)
  A meliai (shapeshifter) (Elf:2)
  A polar bear (Lair:5)
  2 tarantellas (shapeshifter)
  Prince Ribbit (D:8)
  3 hornets
  A harpy skeleton (Pan)
  A tarantella (Zig:7)
  125 slime creatures
  24 dream sheep
  12 snapping turtles
  A jumping spider (Zig:7)
  20 blink frogs
  2 air elementals (Elf:3)
  5 centaur simulacra
  5 vampires
  Sigmund (D:6)
  A culicivora (Vaults:2)
  A jumping spider (shapeshifter) (D:13)
  A shadow (D:10)
  6 wyverns
  A spriggan (Depths:2)
  4 water elementals
  17 ynoxinuls (Pan)
  6 fire elementals
  2 fire bats (Pan)
  57 yaks
  9 wraiths
  9 golden eyes
  9 humans
  Grum (D:8)
  8 chaos spawn
  9 basilisks
  25 neqoxecs
  6 vampire mosquitoes
  A demonspawn zombie (Crypt:1)
  A redback (Vaults:2)
  Menkaure (D:6)
  A harpy simulacrum (IceCv)
  7 wargs
  A naga (shapeshifter) (Vaults:1)
  A water moccasin (shapeshifter) (Vaults:1)
  7 acid dragons
  A hydra simulacrum (IceCv)
  87 nagas
  A water nymph zombie (Crypt:2)
  4 floating eyes
  A glowing shapeshifter skeleton (Zig:4)
  17 water moccasins
  A demonspawn skeleton (Crypt:2)
  24 orc warriors
  2 sky beasts
  An ice beast (D:5)
  4 black bears
  A black bear (shapeshifter) (Vaults:1)
  An elephant zombie (Crypt:1)
  A small abomination (Abyss:3)
  10 ogres
  2 boggarts
  2 boggarts (shapeshifter) (Vaults:1)
  11 centaurs
  7 wolves
  A lindwurm skeleton (Crypt:3)
  A rime drake zombie (Crypt:1)
  A blink frog skeleton (Crypt:2)
  A phantom (D:5)
  A draconian zombie (Crypt:2)
  A hog skeleton (Crypt:3)
  An earth elemental (Elf:1)
  3 kobold brigands
  18 bullfrogs
  7 necrophages
  A bullfrog (shapeshifter) (Vaults:1)
  A gnoll sergeant (D:9)
  A scorpion (D:7)
  5 two-headed ogre simulacra (IceCv)
  A cane toad simulacrum (IceCv)
  11 wights
  A cyclops skeleton (Crypt:3)
  A polar bear zombie (Crypt:3)
  2 elephant simulacra (IceCv)
  40 killer bees
  An oklob sapling (D:4)
  A howler monkey (D:9)
  An electric eel (Lair:2)
  8 crimson imps (Pan)
  2 jellies
  A quasit (Abyss:3)
  A gnoll bouda (D:6)
  5 hounds
  7 orc priests
  A basilisk skeleton (Crypt:1)
  25 orc wizards
  4 iguanas
  7 troll simulacra (IceCv)
  9 hell rats
  4 spriggan simulacra (IceCv)
  An ogre zombie (Crypt:1)
  3 wolf simulacra (IceCv)
  13 mummies
  A howler monkey skeleton (Crypt:2)
  7 adders
  12 gnolls
  5 naga simulacra
  A swamp drake skeleton (Crypt:3)
  22 white imps
  8 ufetubi
  A worm (D:4)
  2 dart slugs
  85 orcs
  6 bats
  8 endoplasms
  3 giant cockroaches
  2 gnoll zombies (Ossuary)
  A goblin (shapeshifter) (Vaults:1)
  9 goblins
  6 hobgoblins
  16 kobolds
  3 quokkas
  10 ball pythons
  A dart slug zombie (Crypt:3)
  3 frilled lizards
  2 hobgoblin zombies (Ossuary)
  3 kobold zombies
  3 orc zombies
  6 rats
  A river rat skeleton (Crypt:1)
  3 ball lightnings (Pan)
  A lurking horror (Abyss:3)
  A starspawn tentacle (Abyss:3)
3085 creatures vanquished.

Vanquished Creatures (collateral kills)
  Aizul (Snake:1)
  A fire elemental (D:12)
  A hell hound (D:12)
  An orc (D:12)
4 creatures vanquished.

Vanquished Creatures (others)
  An eldritch tentacle (Pan)
  An Executioner (Pan)
  A sun demon (Pan)
  A sixfirhy (Pan)
  A spectral centaur (D:9)
  A tengu conjurer (D:15)
  2 hellwings (Pan)
  2 fire bats (Pan)
  A human (D:13)
  An orc warrior (Vaults:5)
  An orc priest (Orc:2)
  An orc (Orc:1)
  9 ball lightnings (Pan)
  A block of ice (Pan)
  A bush (Lair:5)
  3 demonic plants (Abyss:3)
  30 fungi
  110 plants
  9 starspawn tentacles (Abyss:3)
177 creatures vanquished.

Grand Total: 3266 creatures vanquished

Notes
Turn   | Place    | Note
-------+----------+-------------------------------------------
     0 | D:1      | RepoMan the Demonspawn Gladiator began the quest for the
                  | Orb.
     0 | D:1      | Reached XP level 1. HP: 16/16 MP: 1/1
   229 | D:1      | Gained mutation: You are partially covered in yellow
                  | scales. (AC +2) [demonic ancestry]
   229 | D:1      | Reached XP level 2. HP: 22/22 MP: 2/2
  1112 | D:2      | Gained mutation: You have large cloven feet. [demonic
                  | ancestry]
  1112 | D:2      | Reached XP level 3. HP: 28/28 MP: 3/3
  2021 | D:3      | Reached XP level 4. HP: 30/35 MP: 4/4
  2172 | D:3      | Found a faded altar of an unknown god.
  2390 | D:3      | Found Paihegu's Assorted Antiques.
  2394 | D:3      | Bought a fizzy yellow potion for 18 gold pieces
  2394 | D:3      | Bought a viscous green potion for 18 gold pieces
  2673 | D:4      | Found a staircase to the Ecumenical Temple.
  2734 | D:4      | Reached XP level 5. HP: 32/41 MP: 5/5
  2906 | D:4      | Found a runed translucent door.
  2908 | D:4      | Noticed semem's ghost (amateur NaTm)
  2996 | D:4      | You fall into a shaft and drop 3 floors!
  3029 | D:7      | Noticed a centaur
  3041 | D:7      | Killed a centaur
  3042 | D:7      | Reached skill level 5 in Long Blades
  3042 | D:7      | Reached XP level 6. HP: 35/48 MP: 6/6
  3152 | D:7      | Found a sand-covered staircase.
  3160 | Ossuary  | Entered an ossuary
  3538 | D:7      | Noticed a two-headed ogre
  3551 | D:6      | Noticed Sigmund
  3552 | D:5      | Entered Level 5 of the Dungeon
  3719 | D:4      | Reached XP level 7. HP: 55/55 MP: 7/7
  4117 | D:5      | Reached skill level 5 in Fighting
  4400 | D:5      | Gained mutation: You are mostly covered in yellow scales.
                  | (AC +3) [demonic ancestry]
  4400 | D:5      | Reached XP level 8. HP: 58/63 MP: 8/8
  5161 | D:6      | Found Soig Pop's Weapon Emporium.
  5477 | D:6      | Reached XP level 9. HP: 64/71 MP: 9/9
  5662 | D:6      | Noticed Menkaure
  5672 | D:6      | Killed Menkaure
  6295 | D:8      | Found a flagged portal.
  6315 | Bailey   | Entered a bailey
  6343 | Bailey   | Reached skill level 10 in Long Blades
  6721 | Bailey   | Noticed a vault guard
  6731 | Bailey   | Noticed a vault guard
  6889 | D:8      | Found a broken altar of Ashenzari.
  7012 | D:8      | Noticed Prince Ribbit
  7054 | D:8      | Killed Prince Ribbit
  7129 | D:8      | Found a shadowy altar of Dithmenos.
  7129 | D:8      | Found a bloodstained altar of Trog.
  7136 | D:8      | Noticed Psyche
  7225 | D:8      | Gained mutation: You are partially covered in sharp spines.
                  | [demonic ancestry]
  7225 | D:8      | Reached XP level 10. HP: 60/78 MP: 10/10
  7372 | D:8      | Killed Psyche
  7464 | D:8      | Noticed Grum
  7491 | D:8      | Killed Grum
  7548 | D:8      | Noticed Maurice
  7583 | D:8      | Killed Maurice
  8266 | D:8      | Became a worshipper of Dithmenos the Shadowed
  8281 | D:9      | Noticed Thargor's ghost (journeyman MiFi)
  8281 | D:9      | Noticed a spectral centaur warrior
  8281 | D:9      | Noticed a spectral centaur warrior
  8281 | D:9      | Found a runed translucent gate.
  8281 | D:9      | Found a runed translucent gate.
  8281 | D:9      | Found a runed translucent gate.
  8645 | D:9      | Reached skill level 5 in Dodging
  8882 | D:9      | Reached * piety under Dithmenos
  9161 | D:9      | Found Imno's Assorted Antiques.
  9166 | D:9      | Bought a scroll of identify for 70 gold pieces
  9166 | D:9      | Bought a scroll labelled JUMAN RUCROWAW for 35 gold pieces
  9166 | D:9      | Bought a scroll of identify for 70 gold pieces
  9166 | D:9      | Bought 2 fizzy white potions for 63 gold pieces
  9166 | D:9      | Bought a scroll labelled WUTWEA SONAUPI for 35 gold pieces
  9378 | D:10     | Entered Level 10 of the Dungeon
  9378 | D:10     | Noticed Joseph
  9404 | D:10     | Killed Joseph
  9569 | D:10     | Identified the +1 ring mail of the Apothecary {rC- Int+7}
  9604 | D:10     | Noticed a two-headed ogre
  9605 | D:10     | Noticed Sonja
  9856 | D:4      | Killed semem's ghost
  9963 | Temple   | Entered the Ecumenical Temple
 10298 | D:6      | Killed Sigmund
 10540 | D:3      | Bought a potion of curing for 63 gold pieces
 10540 | D:3      | Bought a potion of curing for 63 gold pieces
 10698 | D:7      | Gained mutation: You sometimes gain a little power by
                  | taking damage. [demonic ancestry]
 10698 | D:7      | Reached XP level 11. HP: 89/89 MP: 11/11
 10932 | D:10     | Killed Sonja
 11099 | D:10     | Learned a level 2 spell: Blink
 11123 | D:10     | Noticed a two-headed ogre
 11320 | D:10     | Killed a two-headed ogre
 11321 | D:10     | Reached skill level 1 in Spellcasting
 11321 | D:10     | Reached skill level 1 in Translocations
 11439 | D:10     | Killed a two-headed ogre
 11604 | D:10     | Noticed a catoblepas
 11645 | D:10     | Killed a catoblepas
 11800 | D:10     | Reached ** piety under Dithmenos
 12094 | D:10     | Identified the ring of Vanity {Contam rC+ rN+ Dex+2}
 12181 | D:11     | Noticed a boulder beetle
 12251 | D:11     | Noticed a death yak
 12265 | D:11     | Killed a death yak
 12271 | D:11     | Noticed a death yak
 12282 | D:11     | Killed a death yak
 12283 | D:11     | Reached skill level 1 in Stealth
 12283 | D:11     | Noticed a death yak
 12306 | D:11     | Killed a death yak
 12322 | D:10     | Gained mutation: You are completely covered in yellow
                  | scales. (AC +4, rCorr) [demonic ancestry]
 12322 | D:10     | Reached XP level 12. HP: 51/97 MP: 13/13
 12472 | D:11     | Found a staircase to the Lair.
 12610 | D:11     | Killed a boulder beetle
 12733 | Lair:1   | Entered Level 1 of the Lair of Beasts
 12793 | Lair:1   | Found a frozen archway.
 12899 | IceCv    | Entered an ice cave
 12979 | IceCv    | Reached *** piety under Dithmenos
 13361 | IceCv    | Identified the +5 ring mail of Valour {*Corrode Regen+
                  | Stlth+}
 13531 | IceCv    | Noticed a reaper
 13767 | IceCv    | Reached **** piety under Dithmenos
 14018 | Lair:1   | Reached skill level 5 in Translocations
 14716 | Lair:2   | Upgraded the game from 0.30-a0-476-g330ca2eb8e to
                  | 0.30-a0-509-gd016549fea
 14920 | Lair:2   | Found a staircase to the Shoals.
 15093 | Lair:2   | Reached skill level 15 in Long Blades
 15095 | Lair:2   | Noticed Harold
 15120 | Lair:2   | Killed Harold
 15121 | Lair:2   | Gained mutation: You have hoof-like feet. [demonic
                  | ancestry]
 15121 | Lair:2   | Reached XP level 13. HP: 91/103 MP: 14/14
 15828 | Lair:3   | Found a staircase to the Snake Pit.
 16231 | Lair:3   | Reached ***** piety under Dithmenos
 16877 | Lair:4   | Found a viscous altar of Jiyva.
 17041 | Lair:4   | Reached skill level 1 in Invocations
 17055 | Lair:4   | Reached skill level 10 in Fighting
 17179 | Lair:4   | Found a staircase to the Slime Pits.
 18491 | Lair:5   | Entered Level 5 of the Lair of Beasts
 18781 | Lair:5   | Reached skill level 5 in Invocations
 19021 | Lair:5   | Gained mutation: You sometimes gain power by taking damage.
                  | [demonic ancestry]
 19021 | Lair:5   | Reached XP level 14. HP: 107/111 MP: 17/17
 19025 | Lair:5   | Reached skill level 10 in Dodging
 19032 | Lair:5   | Reached ****** piety under Dithmenos
 19935 | Lair:5   | Identified the +8 rapier "Qeimi" {holy, *Noise Drain rCorr
                  | MP+9}
 20476 | D:11     | Identified the ring "Pentuos" {rC+++ rN+ Str+4 Dex-3}
 20734 | D:12     | Noticed Azrael
 20742 | D:12     | Identified the +4 trident of Kymeneej {protect, Dex+2}
 20926 | D:12     | Found Zajolubleu's Book Shoppe.
 21080 | D:12     | Reached skill level 1 in Ranged Weapons
 21636 | D:12     | Killed Azrael
 21770 | D:12     | Found a staircase to the Orcish Mines.
 22061 | D:6      | Bought the +8 storm bow {elec, penet} for 948 gold pieces
 22061 | D:6      | Found the +8 storm bow {elec, penet}
 22211 | Orc:1    | Entered Level 1 of the Orcish Mines
 22214 | Orc:1    | Noticed Gastronok
 22519 | D:13     | Reached skill level 2 in Ranged Weapons
 22927 | D:13     | Reached skill level 3 in Ranged Weapons
 23119 | D:13     | Found a gate to the Vaults.
 23277 | D:14     | Noticed Jorgrun
 23412 | D:14     | Gained mutation: You are robust. (+10% HP) [demonic
                  | ancestry]
 23412 | D:14     | Reached XP level 15. HP: 61/132 MP: 21/21
 23634 | Orc:1    | Noticed Erolcha
 23639 | Orc:1    | You fall into a shaft and drop 1 floor!
 23639 | Orc:2    | Entered Level 2 of the Orcish Mines
 23639 | Orc:2    | Noticed Donald
 23691 | Orc:2    | Killed Donald
 23752 | Orc:2    | Noticed Josephine
 23753 | Orc:2    | Reached skill level 4 in Ranged Weapons
 23763 | Orc:2    | Killed Josephine
 23830 | Orc:2    | Found a staircase to the Elven Halls.
 24307 | Orc:2    | Found Yvif's Distillery.
 24307 | Orc:2    | Found Reuhoiky's Jewellery Emporium.
 24312 | Orc:2    | Found Fudumpu's Jewellery Shop.
 24312 | Orc:2    | Found Zosogyil's Antique Armour Emporium.
 24329 | Orc:2    | Bought a potion of mutation for 128 gold pieces
 24329 | Orc:2    | Bought a potion of invisibility for 128 gold pieces
 24329 | Orc:2    | Bought a potion of curing for 48 gold pieces
 24329 | Orc:2    | Bought a potion of berserk rage for 80 gold pieces
 24329 | Orc:2    | Bought a potion of magic for 128 gold pieces
 24504 | Orc:1    | Killed Erolcha
 24525 | Orc:1    | Reached skill level 5 in Ranged Weapons
 24755 | Orc:1    | Killed Gastronok
 24956 | D:14     | Killed Jorgrun
 25746 | D:14     | Reached skill level 6 in Ranged Weapons
 26427 | D:15     | Entered Level 15 of the Dungeon
 26427 | D:15     | Found Opoak's Distillery.
 26430 | D:15     | Bought a potion of resistance for 150 gold pieces
 26430 | D:15     | Bought a potion of haste for 150 gold pieces
 26787 | D:15     | Identified Roxanne's Lessons on Sculpting
 26787 | D:15     | Noticed Roxanne
 26981 | D:15     | Found a staircase to the Depths.
 26987 | D:15     | Reached skill level 10 in Invocations
 27457 | D:15     | Found an opulent altar of Gozag.
 28049 | Snake:1  | Entered Level 1 of the Snake Pit
 28062 | Snake:1  | Upgraded the game from 0.30-a0-509-gd016549fea to
                  | 0.30-a0-511-g0d9051e15b
 28200 | Snake:1  | Identified the +7 scimitar of Tecash {drain, Str+4}
 28221 | Snake:1  | Reached skill level 7 in Ranged Weapons
 28402 | Snake:1  | Identified the +0 chain mail "Elomeg" {Int+5}
 28428 | Snake:1  | Noticed Aizul
 28442 | Snake:1  | Killed Aizul
 28591 | Snake:1  | Reached XP level 16. HP: 141/141 MP: 23/23
 28670 | Snake:1  | Noticed Nikola
 28681 | Snake:1  | Killed Nikola
 29757 | Snake:2  | Identified the +6 morningstar of Truth {venom, rCorr}
 29994 | Snake:2  | Reached skill level 8 in Ranged Weapons
 31451 | Snake:2  | Found Don Vituq's Weapon Boutique.
 31907 | Snake:3  | Reached skill level 9 in Ranged Weapons
 32722 | Snake:3  | Reached skill level 1 in Armour
 33498 | Snake:4  | Entered Level 4 of the Snake Pit
 33707 | Snake:4  | Reached XP level 17. HP: 150/150 MP: 26/26
 34578 | Snake:4  | Reached skill level 10 in Ranged Weapons
 35069 | Snake:4  | Reached skill level 5 in Stealth
 37483 | Snake:4  | Got a serpentine rune of Zot
 37873 | Shoals:1 | Entered Level 1 of the Shoals
 38024 | Shoals:1 | Noticed Mlioglotl
 38026 | Shoals:1 | Noticed an ancient lich
 38032 | Shoals:1 | Killed Mlioglotl
 38255 | Shoals:1 | Learned a level 3 spell: Lesser Beckoning
 38445 | Shoals:1 | Reached skill level 11 in Ranged Weapons
 38594 | Shoals:2 | Gained mutation: You are mostly covered in sharp spines.
                  | [demonic ancestry]
 38594 | Shoals:2 | Reached XP level 18. HP: 150/160 MP: 27/27
 39094 | Shoals:2 | Noticed Frances
 39106 | Shoals:2 | Killed Frances
 39109 | Shoals:2 | Noticed Ilsuiw
 39124 | Shoals:2 | Killed Ilsuiw
 39547 | Shoals:3 | Identified the +5 dagger "Jarrulumn" {spect, rN++}
 39562 | Shoals:3 | Found Cigu's General Store.
 39593 | Shoals:3 | Bought a potion of heal wounds for 65 gold pieces
 39764 | Shoals:3 | Found a runed translucent door.
 39765 | Shoals:3 | Found a shimmering altar of Xom.
 39765 | Shoals:3 | Noticed mn3067's ghost (adept MiGl)
 40141 | Shoals:4 | Entered Level 4 of the Shoals
 40619 | Shoals:4 | Got a barnacled rune of Zot
 40782 | Shoals:4 | Identified the +2 barding of Veul {rF+ Dex+4 Slay-3}
 40977 | Shoals:4 | Reached skill level 12 in Ranged Weapons
 41168 | Shoals:4 | Identified the +5 dagger of Fortitude {protect, SInv}
 41383 | Elf:1    | Entered Level 1 of the Elven Halls
 42165 | D:6      | Bought the +7 great sword of the Lurker {drain, rElec rC+
                  | Str-5} for 858 gold pieces
 42477 | Elf:1    | Found Cif Befer's Specific Store.
 42478 | Elf:1    | Found Veapoxze's General Store.
 42947 | Elf:2    | Gained mutation: You have hooves in place of feet. [demonic
                  | ancestry]
 42947 | Elf:2    | Reached XP level 19. HP: 168/168 MP: 25/29
 43004 | Elf:2    | Found a runed translucent gate.
 43004 | Elf:2    | Found a runed translucent gate.
 43004 | Elf:2    | Found a runed translucent gate.
 43373 | Elf:2    | Reached skill level 13 in Ranged Weapons
 43584 | Elf:2    | Reached skill level 15 in Fighting
 44035 | Elf:3    | Entered Level 3 of the Elven Halls
 44038 | Elf:3    | Found a runed translucent door.
 44038 | Elf:3    | Noticed xsansara's ghost (adept FeSu)
 44061 | Elf:3    | Noticed Mara
 44238 | Elf:3    | Noticed RepoMan's illusion
 44253 | Elf:3    | Killed Mara
 44480 | Elf:3    | Paralysed by an air elemental for 1 turns
 44490 | Elf:3    | Paralysed by an air elemental for 1 turns
 44702 | Abyss:3  | Cast into level 3 of the Abyss (a deep elf sorcerer)
 44868 | Abyss:3  | Noticed a bone dragon
 44869 | Abyss:3  | Found a corrupted altar of Lugonu.
 44869 | Abyss:3  | Found a corrupted altar of Lugonu.
 44871 | Abyss:3  | Got an abyssal rune of Zot
 44962 | Elf:3    | Escaped the Abyss
 44968 | Elf:3    | Reached skill level 14 in Ranged Weapons
 45440 | Elf:3    | Gained mutation: You are very robust. (+20% HP) [demonic
                  | ancestry]
 45440 | Elf:3    | Reached XP level 20. HP: 172/196 MP: 30/30
 45513 | Elf:3    | Identified the +5 war axe "Tuuph" {freeze, rC- Will++ Int+5
                  | SInv}
 45547 | Elf:3    | Identified the ring of the Inquisitive Souls {Fire rPois
                  | rN+ Int-3}
 45548 | Elf:3    | Identified the +5 battleaxe of the Unseen Realm {freeze,
                  | *Noise rPois rC+ rN+}
 45548 | Elf:3    | Identified the ring "Fydaepn" {Wiz Will+}
 45825 | Elf:3    | Got the Compendium of Outbursts
 45869 | Elf:3    | Identified the +7 flail of the Final Chapter {vamp, Int+3}
 46056 | Elf:1    | Bought a potion of haste for 130 gold pieces
 46060 | Elf:1    | Bought a scroll of immolation for 68 gold pieces
 46074 | Elf:1    | Gained mutation: You are completely covered in sharp
                  | spines. [demonic ancestry]
 46074 | Elf:1    | Reached XP level 21. HP: 203/203 MP: 31/31
 46172 | Vaults:1 | Entered Level 1 of the Vaults
 46335 | D:13     | Reached skill level 15 in Ranged Weapons
 46610 | Vaults:1 | Found Goutz's Antique Armour Emporium.
 46875 | Vaults:1 | Reached skill level 15 in Dodging
 46902 | Vaults:1 | Learned a level 1 spell: Apportation
 46906 | Vaults:1 | Learned a level 3 spell: Vhi's Electric Charge
 47165 | Vaults:1 | Got the Incunabulum of Geometric Lightning
 47215 | Vaults:1 | Found a runed translucent gate.
 47215 | Vaults:1 | Found a runed translucent gate.
 47215 | Vaults:1 | Found a runed translucent gate.
 49021 | Vaults:2 | Reached skill level 16 in Ranged Weapons
 49496 | Vaults:2 | Found a staircase to the Crypt.
 49496 | Vaults:2 | Found a basalt altar of Yredelemnul.
 49497 | Vaults:2 | Found an ancient bone altar of Kikubaaqudgha.
 50238 | Vaults:2 | Identified the +6 scale mail of Music {rC+ Int+2}
 50605 | Vaults:3 | Reached XP level 22. HP: 205/215 MP: 32/32
 50646 | Vaults:3 | Found a transporter.
 50661 | Vaults:3 | Found a transporter.
 50673 | Vaults:3 | Noticed Esuss's ghost (veteran DsNe)
 50673 | Vaults:3 | Noticed an ancient lich
 51042 | Vaults:3 | Reached skill level 17 in Ranged Weapons
 51920 | Vaults:3 | Found Dowa's Weapon Shoppe.
 53968 | Vaults:4 | Identified the +0 scale mail "Nasuvon" {Harm rF+}
 54266 | Crypt:1  | Entered Level 1 of the Crypt
 54454 | Crypt:1  | Reached skill level 18 in Ranged Weapons
 56359 | Crypt:2  | Gained mutation: You are extremely robust. (+30% HP)
                  | [demonic ancestry]
 56359 | Crypt:2  | Reached XP level 23. HP: 185/237 MP: 33/33
 56365 | Crypt:2  | Identified the +1 plate armour of a volcano {+Blink}
 56679 | Crypt:2  | Reached skill level 19 in Ranged Weapons
 56756 | Crypt:2  | Noticed Frederick
 56770 | Crypt:2  | Killed Frederick
 56824 | Crypt:2  | Found an ancient bone altar of Kikubaaqudgha.
 57172 | Crypt:3  | Entered Level 3 of the Crypt
 57741 | Crypt:3  | Found a staircase to the Tomb.
 57755 | Crypt:3  | Noticed Sojobo
 57813 | Crypt:3  | Killed Sojobo
 58173 | Crypt:3  | Noticed an ancient lich
 58182 | Crypt:3  | Killed an ancient lich
 58183 | Crypt:3  | Reached skill level 20 in Ranged Weapons
 58743 | Crypt:3  | Noticed a dread lich
 58768 | Crypt:3  | Killed a dread lich
 59223 | Crypt:3  | Reached skill level 21 in Ranged Weapons
 59227 | Crypt:3  | Noticed a curse toe
 59239 | Crypt:3  | Killed a curse toe
 59534 | Crypt:3  | Found a basalt altar of Yredelemnul.
 59537 | Crypt:3  | Found an ancient bone altar of Kikubaaqudgha.
 59599 | Crypt:3  | Identified the +7 hand axe of the Owl {protect, rF++ rN+
                  | Str-5 SInv}
 59628 | Crypt:3  | Got Utriej's Vellum of the Crypt
 59734 | Crypt:3  | Noticed Bai Suzhen
 59741 | Crypt:3  | Killed Bai Suzhen
 60165 | Depths:1 | Entered Level 1 of the Depths
 60303 | Depths:1 | Found Okiepai's Tremendous Tomes.
 60343 | Depths:1 | Found a gateway to Hell.
 60703 | Depths:1 | Found Oneuvefa's Antique Weapon Shoppe.
 60729 | Depths:1 | Reached skill level 1 in Air Magic
 61143 | Depths:1 | Found a one-way gate leading to the halls of Pandemonium.
 61378 | Depths:2 | Gained mutation: You are powered by pain. [demonic
                  | ancestry]
 61378 | Depths:2 | Reached XP level 24. HP: 245/250 MP: 33/33
 61404 | Depths:2 | Found a one-way gateway to a ziggurat.
 62043 | Depths:2 | Noticed a juggernaut
 62463 | Depths:2 | Killed a juggernaut
 63099 | Depths:2 | Found a one-way gate to the infinite horrors of the Abyss.
 63127 | Depths:2 | Identified the +10 shortbow "Deenait" {flame, Will+}
 63676 | Depths:2 | Reached skill level 22 in Ranged Weapons
 63886 | Depths:2 | Found a shimmering blue altar of Sif Muna.
 64239 | Depths:3 | You fall into a shaft and drop 1 floor!
 64239 | Depths:4 | Entered Level 4 of the Depths
 64266 | Depths:3 | Found the +8 Vampire's Tooth {vamp}
 64325 | Depths:3 | Found a flickering gateway to a bazaar.
 64344 | Bazaar   | Entered a bazaar
 64344 | Bazaar   | Found Diridaev's Antique Armour Shoppe.
 64344 | Bazaar   | Found Xesyixt's Book Shoppe.
 64344 | Bazaar   | Found Miahah's Antique Weapon Emporium.
 64346 | Bazaar   | Found Hianen's Weapon Emporium.
 64360 | Bazaar   | Bought a pair of embroidered gloves for 135 gold pieces
 64375 | Bazaar   | Bought a glimmering shortbow for 272 gold pieces
 64375 | Bazaar   | Identified the +5 shortbow of Wealth {vorpal, rC+ rN+
                  | Stlth+} (You bought it in a shop in a bazaar)
 64631 | Depths:3 | Found a radiant altar of Vehumet.
 64633 | Depths:3 | Found a transporter.
 65160 | Depths:3 | Noticed an ancient lich
 66100 | Depths:4 | Found a gate to the Realm of Zot.
 66992 | Slime:1  | Entered Level 1 of the Pits of Slime
 67444 | Slime:4  | Reached XP level 25. HP: 261/263 MP: 33/33
 67454 | Slime:5  | Entered Level 5 of the Pits of Slime
 67886 | Slime:5  | Reached skill level 23 in Ranged Weapons
 67887 | Slime:5  | Noticed the Royal Jelly
 67903 | Slime:5  | Found a viscous altar of Jiyva.
 67945 | Slime:5  | Found the +8 frozen axe "Frostbite" {freezing cloud, *Noise
                  | Fly rC+}
 67945 | Slime:5  | Identified a scroll of acquirement
 68056 | Slime:5  | Killed the Royal Jelly
 68121 | Slime:5  | Identified the +7 shortbow "Timilos" {drain, rN+ Will-
                  | Dex+4}
 68134 | Slime:5  | Identified the +5 ring mail of Fedhas, Holding {rPois Str-2
                  | Int+8 Stlth+}
 68161 | Slime:5  | Got the Grimoire of Mustering
 68163 | Slime:5  | Identified the +1 helmet of Qazlal's Supremacy {Will++}
 68211 | Slime:5  | Got a slimy rune of Zot
 68445 | Lair:4   | Acquired 658 gold pieces
 68706 | Zot:1    | Entered Level 1 of the Realm of Zot
 68800 | Zot:1    | Noticed Parghit
 68830 | Zot:1    | Killed Parghit
 69684 | Zot:1    | Noticed an orb of fire
 69789 | Zot:1    | Gained mutation: You are dopey. (Int -2) [an orb of fire]
 69792 | Zot:1    | Killed an orb of fire
 71788 | Zot:2    | Acquired the +2 cloak of Uskayaw's Benevolence {Int+4
                  | Stlth+}
 71794 | Zot:2    | You fall into a shaft and drop 1 floor!
 72383 | Zot:2    | Found Egaeshruo's CLEARANCE SALE!.
 72391 | Zot:2    | Bought a scroll of teleportation for 9 gold pieces
 72391 | Zot:2    | Bought a potion of might for 12 gold pieces
 73145 | Vaults:1 | Bought an embroidered scarf for 312 gold pieces
 73274 | Orc:2    | Bought the ring of Juimoeqe {rElec rPois Will+ Dex-4 SInv}
                  | for 334 gold pieces
 73378 | D:12     | Bought a manual of Long Blades for 1360 gold pieces
 73461 | D:9      | Killed Thargor's ghost
 73669 | D:15     | Killed Roxanne
 73919 | Shoals:3 | Killed mn3067's ghost
 74211 | Elf:3    | Killed xsansara's ghost
 74615 | Vaults:1 | Found a runed translucent gate.
 74615 | Vaults:1 | Found a runed translucent gate.
 74622 | Vaults:1 | Found a runed translucent gate.
 74622 | Vaults:1 | Noticed Peona's ghost (veteran MiGl)
 74632 | Vaults:1 | Reached skill level 24 in Ranged Weapons
 74632 | Vaults:1 | Reached XP level 26. HP: 279/279 MP: 33/33
 74975 | Vaults:1 | Killed Peona's ghost
 75025 | Vaults:1 | Identified the +1 robe "Uganee" {rF+}
 76449 | Zot:3    | Reached XP level 27. HP: 205/224 MP: 32/33
 79308 | Vaults:5 | Entered Level 5 of the Vaults
 79336 | Vaults:5 | Noticed Xtahua
 79356 | Vaults:5 | Killed Xtahua
 79536 | Vaults:5 | Reached skill level 25 in Ranged Weapons
 79774 | Vaults:5 | Got a silver rune of Zot
 79949 | Vaults:5 | Identified the ring of Goskenex {rN+ EV+4 Int-2 Dex+5
                  | Stlth+}
 80160 | Vaults:5 | Noticed a dread lich
 80168 | Vaults:5 | Killed a dread lich
 80302 | Vaults:5 | Got the Compilation of Enthralling Black Liturgies
 80318 | Vaults:5 | Identified the amulet of the Evil One {Reflect rN+ Str+3
                  | SH+5}
 80462 | Vaults:5 | Noticed an ancient lich
 80472 | Vaults:5 | Killed an ancient lich
 80517 | Vaults:5 | Found Mulye's Weapon Shoppe.
 80603 | Vaults:5 | Identified the +0 leather armour "Etsuaj" {rN++ Str+3 SInv}
 81171 | Vaults:3 | Killed an ancient lich
 81189 | Vaults:3 | Killed Esuss's ghost
 81426 | Vaults:3 | Identified the +1 pair of gloves "Onwo" {+Inv Int+7}
 81794 | Depths:3 | Noticed a dread lich
 81835 | Depths:3 | Killed a dread lich
 81852 | Depths:3 | Killed an ancient lich
 81889 | Depths:3 | Got the Opusculum on Reformation and the Entourage
 81905 | Depths:3 | Found a transporter.
 81992 | Zig:1    | Entered Level 1 of a ziggurat
 82003 | Zig:1    | Identified the +10 long sword of Fuce {protect, rC+ rN+
                  | Int-5}
 82009 | Zig:2    | Entered Level 2 of a ziggurat
 82031 | Zig:3    | Entered Level 3 of a ziggurat
 82247 | Zig:4    | Entered Level 4 of a ziggurat
 82298 | Zig:4    | Identified the +1 scale mail of Ykaet {rCorr}
 82485 | Zig:5    | Entered Level 5 of a ziggurat
 82558 | Zig:6    | Entered Level 6 of a ziggurat
 82639 | Zig:6    | Got Sif Muna's Guidebook on the Calid Voyage
 82752 | Zig:7    | Entered Level 7 of a ziggurat
 82870 | Pan      | Entered Pandemonium
 82932 | Pan      | Reached skill level 5 in Armour
 82973 | Pan      | Noticed Michivor the pandemonium lord
 83001 | Pan      | Killed Michivor the pandemonium lord
 83216 | Pan      | Reached skill level 26 in Ranged Weapons
 83710 | Pan      | Identified the +0 buckler of Patterns {Str+2}
 83713 | Pan      | Got a demonic rune of Zot
 83727 | Pan      | Entered the realm of Lom Lobon.
 83733 | Pan      | Upgraded the game from 0.30-a0-511-g0d9051e15b to
                  | 0.30-a0-533-g4794bfbd1c
 84518 | Pan      | Learned a level 2 spell: Wereblood
 84521 | Pan      | Learned a level 2 spell: Passwall
 84598 | Pan      | Reached skill level 1 in Transmutations
 84781 | Pan      | Noticed Lom Lobon
 84831 | Pan      | Killed Lom Lobon
 84893 | Pan      | Got a magical rune of Zot
 85020 | Pan      | Entered the realm of Mnoleg.
 85150 | Pan      | Gained mutation: You are vulnerable to heat. (rF-) [a
                  | neqoxec]
 85157 | Pan      | Gained mutation: You are partially covered in large bone
                  | plates. (SH +4) [a neqoxec]
 85161 | Pan      | Gained mutation: You are resistant to electric shocks.
                  | (rElec) [a neqoxec]
 85247 | Pan      | Gained mutation: Your spells are a little easier to cast,
                  | but a little less powerful. [a neqoxec]
 85274 | Pan      | Identified the +5 hand axe "Spiderslayer" {flame, Dex+3}
 85343 | Pan      | Learned a level 4 spell: Dispel Undead
 85349 | Pan      | Learned a level 5 spell: Borgnjor's Vile Clutch
 85415 | Pan      | Noticed Mnoleg
 85444 | Pan      | Gained mutation: You are weak. (Str -2) [a cacodemon]
 85593 | Pan      | Reached skill level 1 in Necromancy
 85886 | Pan      | Reached skill level 5 in Transmutations
 85929 | Pan      | Gained mutation: You are vulnerable to cold. (rC-)
                  | [Mnoleg's mutagenic touch]
 85949 | Pan      | Killed Mnoleg
 86067 | Pan      | Got a glowing rune of Zot
 86167 | Pan      | Found a runed translucent door.
 86168 | Pan      | Lost mutation: You are vulnerable to heat. (rF-) [potion of
                  | mutation]
 86168 | Pan      | Lost mutation: Your spells are a little easier to cast, but
                  | a little less powerful. [potion of mutation]
 86168 | Pan      | Lost mutation: You are weak. (Str -2) [potion of mutation]
 86168 | Pan      | Gained mutation: You passively map a small area around you.
                  | [potion of mutation]
 86168 | Pan      | Gained mutation: You possess an exceptional clarity of
                  | mind. [potion of mutation]
 86268 | Pan      | Found a runed translucent door.
 86298 | Pan      | Reached skill level 1 in Earth Magic
 86798 | Pan      | Found a runed translucent door.
 86803 | Pan      | Found a runed translucent door.
 86976 | Pan      | Gained mutation: You have hidden genetic defects. [a
                  | neqoxec]
 86978 | Pan      | Gained mutation: You occasionally shout uncontrollably at
                  | your foes. [a neqoxec]
 86982 | Pan      | Lost mutation: You have hidden genetic defects. [potion of
                  | mutation]
 86982 | Pan      | Lost mutation: You possess an exceptional clarity of mind.
                  | [potion of mutation]
 86982 | Pan      | Lost mutation: You passively map a small area around you.
                  | [potion of mutation]
 86982 | Pan      | Gained mutation: Your spells are a little easier to cast,
                  | but a little less powerful. [potion of mutation]
 86983 | Pan      | Lost mutation: You occasionally shout uncontrollably at
                  | your foes. [potion of mutation]
 86983 | Pan      | Lost mutation: You are resistant to electric shocks.
                  | (rElec) [potion of mutation]
 86983 | Pan      | Lost mutation: Your spells are a little easier to cast, but
                  | a little less powerful. [potion of mutation]
 86983 | Pan      | Gained mutation: You have a somewhat thin skeletal
                  | structure. (Dex +2, Stealth+) [potion of mutation]
 87009 | Pan      | Found an exit through the horrors of the Abyss.
 87311 | Pan      | Noticed Goamaw the pandemonium lord
 87311 | Pan      | Found a runed translucent door.
 88024 | Pan      | Found an exit through the horrors of the Abyss.
 88534 | Pan      | Reached skill level 5 in Spellcasting
 88748 | Pan      | Reached skill level 27 in Ranged Weapons
 88777 | Pan      | Gained mutation: You are very dopey. (Int -4) [a neqoxec]
 88802 | Pan      | Lost mutation: You have a somewhat thin skeletal structure.
                  | (Dex +2, Stealth+) [potion of mutation]
 88802 | Pan      | Lost mutation: You are very dopey. (Int -4) [potion of
                  | mutation]
 88802 | Pan      | Lost mutation: You are vulnerable to cold. (rC-) [potion of
                  | mutation]
 88802 | Pan      | Gained mutation: You have a beak for a mouth. [potion of
                  | mutation]
 88802 | Pan      | Gained mutation: You are agile. (Dex +4, Str/Int -1)
                  | [potion of mutation]
 88803 | Pan      | Lost mutation: You are partially covered in large bone
                  | plates. (SH +4) [potion of mutation]
 88803 | Pan      | Lost mutation: You are agile. (Dex +4, Str/Int -1) [potion
                  | of mutation]
 88803 | Pan      | Gained mutation: You are strong-willed. (Will+) [potion of
                  | mutation]
 88804 | Pan      | Lost mutation: You are strong-willed. (Will+) [potion of
                  | mutation]
 88804 | Pan      | Lost mutation: You have a beak for a mouth. [potion of
                  | mutation]
 88804 | Pan      | Gained mutation: You are strong-willed. (Will+) [potion of
                  | mutation]
 88804 | Pan      | Gained mutation: You expend magic power (3 MP) to
                  | strengthen your wands. [potion of mutation]
 88897 | Pan      | Reached skill level 5 in Necromancy
 89309 | Pan      | Noticed Poluj the pandemonium lord
 89320 | Pan      | Killed Poluj the pandemonium lord
 89735 | Pan      | Gained mutation: You occasionally lose the ability to drink
                  | potions when taking damage. [a neqoxec]
 89916 | Pan      | Lost mutation: You are dopey. (Int -2) [potion of mutation]
 89916 | Pan      | Lost mutation: You are strong-willed. (Will+) [potion of
                  | mutation]
 89916 | Pan      | Lost mutation: You occasionally lose the ability to drink
                  | potions when taking damage. [potion of mutation]
 89916 | Pan      | Gained mutation: You have sharp fingernails. [potion of
                  | mutation]
 89916 | Pan      | Gained mutation: You are dopey. (Int -2) [potion of
                  | mutation]
 90468 | Pan      | Identified the +1 robe of the Monkey {Str+3 Dex+2}
 90616 | Pan      | Entered the realm of Gloorx Vloq.
 90694 | Pan      | Noticed Gloorx Vloq
 91406 | Pan      | Got a dark rune of Zot
 91444 | Pan      | Killed Gloorx Vloq
 91445 | Pan      | Reached skill level 10 in Necromancy
 91744 | Pan      | Found an exit through the horrors of the Abyss.
 91834 | Pan      | Entered the realm of Cerebov.
 92170 | Pan      | Identified the +0 robe of Gujaocsu {+Blink rPois rCorr
                  | Str-3}
 92181 | Pan      | Identified the +6 scale mail of Creativity {rF+ rC- rCorr
                  | Int+2}
 92206 | Pan      | Identified the +10 dagger "Gomokkuci" {venom, Drain rC+
                  | Int+4 Stlth+}
 92277 | Pan      | Identified the ring "Puem" {Fire Str+5}
 92532 | Pan      | Found the +6 sword of Cerebov {flame}
 92532 | Pan      | Noticed Cerebov
 93581 | Pan      | Acquired 774 gold pieces
 93583 | Pan      | Acquired the +11 plutonium sword {Contam Stlth-}
 93583 | Pan      | Found the +11 plutonium sword {Contam Stlth-}
 93628 | Pan      | HP: 15/444 [Cerebov/the +6 sword of Cerebov {flame} (45)]
 93631 | Pan      | Killed Cerebov
 93633 | Pan      | HP: 5/296 [poisoned by a balrug]
 93687 | Pan      | Identified the amulet "Guam Cec" {Reflect rN+++ Will- SH+5
                  | Stlth+}
 93726 | Pan      | Got a fiery rune of Zot
 93728 | Pan      | Upgraded the game from 0.30-a0-533-g4794bfbd1c to
                  | 0.30-a0-535-g2c0b3469a7
 94042 | Pan      | Reached skill level 10 in Transmutations
 94057 | Pan      | Identified the +6 halberd of the Hurting Hawk {holy, rCorr
                  | Int+3}
 94150 | Pan      | Found an exit through the horrors of the Abyss.
 94160 | Pan      | Took an exit into the Abyss.
 94160 | Abyss:3  | Escaped into the Abyss
 94160 | Abyss:3  | Found a corrupted altar of Lugonu.
 94173 | Depths:2 | Escaped the Abyss
 94303 | Zot:5    | Entered Level 5 of the Realm of Zot
 94670 | Zot:5    | Noticed a dread lich
 94693 | Zot:5    | Killed a dread lich
 94933 | Zot:5    | Noticed an orb of fire
 94963 | Zot:5    | Gained mutation: You are vulnerable to heat. (rF-) [an orb
                  | of fire]
 94971 | Zot:5    | Killed an orb of fire
 94985 | Zot:4    | Lost mutation: You expend magic power (3 MP) to strengthen
                  | your wands. [potion of mutation]
 94985 | Zot:4    | Lost mutation: You have sharp fingernails. [potion of
                  | mutation]
 94985 | Zot:4    | Lost mutation: You are dopey. (Int -2) [potion of mutation]
 94985 | Zot:4    | Gained mutation: You have sharp fingernails. [potion of
                  | mutation]
 94986 | Zot:4    | Lost mutation: You are vulnerable to heat. (rF-) [potion of
                  | mutation]
 94986 | Zot:4    | Lost mutation: You have sharp fingernails. [potion of
                  | mutation]
 94986 | Zot:4    | Gained mutation: Armour fits poorly on your strangely
                  | shaped body. [potion of mutation]
 94986 | Zot:4    | Gained mutation: You possess an exceptional clarity of
                  | mind. [potion of mutation]
 94986 | Zot:4    | Lost mutation: You possess an exceptional clarity of mind.
                  | [potion of mutation]
 94986 | Zot:4    | Gained mutation: Your movements are slightly less
                  | encumbered by armour. (ER -2) [potion of mutation]
 95684 | Zot:5    | Noticed an orb of fire
 95802 | Zot:5    | Killed an orb of fire
 95956 | Zot:5    | Reached skill level 15 in Necromancy
 96054 | Zot:5    | Noticed a dread lich
 96067 | Zot:5    | Killed a dread lich
 96158 | Zot:5    | Noticed an ancient lich
 96174 | Zot:5    | Killed an ancient lich
 96575 | Zot:5    | Reached skill level 10 in Armour
 96672 | Zot:5    | Learned a level 6 spell: Death Channel
 96672 | Zot:5    | Got the Orb of Zot
 96712 | Zot:4    | Noticed Vorumip the pandemonium lord
 97135 | D:$      | Escaped with the Orb!

Illustrated notes

Levels and vault maps discovered:
D:1:      ncdulo_smallfort, layout_loops_corners, hangedman_decor_push
D:2:      layout_loops_ring, serial_bayou, serial_bayou_pond_b,
          serial_bayou_ford_a, serial_bayou_lake_a, serial_bayou_lagoon_b
D:3:      layout_basic, shapermc_ecumenical_altar_mp_highgroup, serial_shops,
          shop
D:4:      layout_rooms, minmay_temple_entry_oklob, ebering_ghost_sewer_d,
          minmay_quadrilaterals
D:5:      layout_basic, fountainhead
D:6:      layout_cave_pools, serial_shops, nicolae_shop_waterfront,
          minmay_liquid_box, uniq_menkaure, uniq_sigmund
D:7:      layout_cave_pools, serial_rivers, chequers_serial_rivers_micro_b,
          chequers_serial_rivers_micro_d, chequers_serial_rivers_micro_b,
          chequers_serial_rivers_small_b, nicolae_ossuary_entry_plus
D:8:      layout_basic, jmf_multi_god_temple,
          mainiacjoe_overflow_six_doors_small, enter_bailey_2, uniq_maurice,
          uniq_prince_ribbit1, uniq_psyche, uniq_grum
D:9:      layout_layer_cave, gammafunk_ghost_necromancy, serial_shops,
          nicolae_shop_overgrown_old_shop
D:10:     layout_basic, minmay_pinched_square, uniq_sonja, uniq_joseph
D:11:     layout_cave_pools, dpeg_lair_monsters
D:12:     layout_roguey, hiddenorc1_lemuel, serial_shops,
          nicolae_shop_competitors_out_of_business, uniq_azrael
D:13:     layout_cave_pools, ximxim_vaults_locker_room
D:14:     layout_roguey [special_room_bee], hellmonk_bongcloud_opening,
          uniq_jorgrun
D:15:     hangedman_depths_entry_civil_slaughter, layout_stronghold,
          serial_shops, nicolae_shop_statue_plus, grunt_gozag_statues,
          uniq_roxanne
Temple:   hellmonk_temple_of_storms
Lair:1:   layout_roguey, portal_ice_cave_entry_imps
Lair:2:   layout_cellular_growth, minmay_shoals_entry_centaurs, minmay_holes,
          serial_bayou_shore_a, uniq_harold
Lair:3:   layout_chaotic_city, minmay_snake_entry_guardpost_small
Lair:4:   layout_cave_pods, minmay_slime_entry_oklob_open, special_room
          [special_room_mythical_zoo], dreamdust_deal_with_the_devil
Lair:5:   gammafunk_lair_ancient_temple, layout_concentric_octagons,
          serial_rivers, chequers_serial_rivers_micro_b,
          chequers_serial_rivers_large_a, chequers_serial_rivers_micro_b,
          chequers_serial_rivers_micro_d, chequers_serial_rivers_small_a,
          st_stairs_12
Shoals:1: layout_shoals, uniq_mlioglotl
Shoals:2: layout_shoals, nicolae_shoals_lost_giant_temple, uniq_ilsuiw,
          uniq_frances
Shoals:3: layout_shoals, serial_shops, shop, ebering_ghost_xom,
          nicolae_shoals_lost_giant_baths
Shoals:4: shoals_end_grunt_ice, layout_shoals, nicolae_shoals_aquamancer_cove
Snake:1:  layout_chambers, uniq_nikola, uniq_aizul
Snake:2:  nicolae_snake_nest, layout_rooms, serial_shops, nicolae_shop_trees,
          st_stairs_1
Snake:3:  layout_grid_shapes, serial_bayou_pond_c, drop_trap
Snake:4:  minmay_snake_end_coiled, layout_cave_town, minmay_snake_pond
Slime:1:  layout_caves
Slime:2:  layout_caves
Slime:3:  layout_caves, cheibrodos_slime_lost_civilization_5
Slime:4:  layout_caves
Slime:5
Orc:1:    layout_caves, uniq_gastronok, uniq_erolcha
Orc:2:    grunt_orc_tribal_feast, layout_caves, uniq_donald, uniq_josephine
Elf:1:    eino_elf_arrival_the_gate, layout_loops_corners,
          hangedman_elf_disciples, nicolae_specific_store
Elf:2:    elven_hall_of_blades_hangedman_original [nicolae_blade_bullseye],
          layout_onion_city
Elf:3:    minmay_elf_hall_four_x, layout_rooms, ebering_ghost_inner_flame,
          uniq_mara
Vaults:1: ploomutoo_gammafunk_ghost_potion_laboratory, v_alt_pattern_5,
          v_rooms_6, hangedman_vaults_restitches, vaults_room_grid,
          hangedman_vaults_stretched_pinwheel, vaults_mumra_hex, v_misc_25,
          dpeg_vaults_monster_box, v_misc_2, vaults_dpeg_emergency_exit,
          nicolae_vaults_little_squares_1, vaults_dpeg_cross, v_misc_23,
          layout_vaults_omnibox, serial_shops, nicolae_shop_statue_plus
Vaults:2: v_misc_14, hangedman_vaults_cutoff, v_misc_29,
          minmay_crypt_entry_necro_gods, st_octagons_1,
          vaults_standard_mumra_lines, ontoclasm_vaults_fault,
          hangedman_vaults_maws, v_alt_pattern_4, v_misc_4,
          hangedman_vaults_stagger, vaults_room_semicircle, layout_vaults_ring
Vaults:3: nzn_ghost_randoct, vaults_room_octagon, hangedman_vaults_variations,
          nicolae_vaults_three_branches, nicolae_vaults_circle_grid_b,
          vaults_room_semicircle, vaults_room_grid,
          ontoclasm_vaults_ring_square, nicolae_vaults_little_squares_6,
          layout_vaults_omnigrid, serial_shops,
          nicolae_shop_bloodbath_and_beyond
Vaults:4: vaults_room_grid, ontoclasm_vaults_echo, v_misc_25, vaults_room_pool,
          nicolae_vaults_stairing_the_circle, nicolae_vaults_circle_grid_b,
          nicolae_vaults_theta, layout_vaults_chaotic_city
Vaults:5: uniq_xtahua
Crypt:1:  layout_misc_corridors, grunt_ministairs_3, grunt_crypt_arrival_split
Crypt:2:  layout_rooms, basic_altar, minmay_misc_feat_pillars, st_stairs_13,
          minmay_misc_feat_columns, minmay_misc_feat_rows, uniq_frederick
Crypt:3:  lightli_unholy_cathedral, layout_chaotic_city,
          tomb_entry_simple_bobbens, grunt_ministairs_14,
          minmay_misc_feat_hallway, uniq_bai_suzhen, uniq_sojobo
Depths:1: layout_gridville, chequers_serial_rivers_small_a,
          rand_demon_pan_entry_9, hell_entry, nicolae_shop_i_like_big_books,
          kennysheep_windowed_goal
Depths:2: angbandy_vault, layout_honeycomb, enter_ziggurat_c,
          grunt_mini_vestibule, rand_demon_pan_entry_3, led_sif_pool,
          abyss_entry
Depths:3: gammafunk_sealed_library, layout_long_grid, hellmouth_1,
          nicolae_benzene_ring, abyss_entry, serial_shops, bzr_entry_islet,
          kennysheep_cross_room
Depths:4: evilmike_zot_entry_argh, layout_basic, minmay_hedge_maze,
          grunt_hell_entry_dis_grunt, pan_entry, grunt_decor_cap
Zot:1:    layout_basic, uniq_parghit
Zot:2:    layout_onion_interference, nicolae_shop_clearance, grunt_megastairs_3
Zot:3:    hangedman_snap_crack_crunch, layout_cathedral_of_symmetry,
          lemuel_elevator
Zot:4:    layout_basic
Zot:5:    layout_misc_corridors

Skill      XL: |  1  2  3  4  5  6  7  8  9 10 11 12 13 14 15 16 17 18 19 20 21 22 23 24 25 26 27 |
---------------+----------------------------------------------------------------------------------+-----
Long Blades    | 3 4 5 6 7 9 10 12 13 15 16 17 18 19 20 21 23 | 23.3
Fighting       | 3 4 5 6 8 9 10 11 12 13 14 15 16 17 19 21 | 21.1
Throwing       | 2 3 |  3.3
Dodging        | 3 5 7 8 9 10 11 12 13 14 15 16 17 18 21 | 21.1
Spellcasting   | 1 2 3 6 |  6.6
Translocations | 3 5 6 7 9 |  9.9
Stealth        | 1 3 4 6 7 9 |  9.9
Invocations    | 5 8 10 12 13 14 | 14.4
Ranged Weapons | 3 7 9 11 12 14 16 18 21 22 24 27 | 27.0
Armour         | 1 4 10 | 10.2
Air Magic      | 1 3 |  3.3
Transmutations | 12 | 12.8
Necromancy     | 15 | 15.5
Earth Magic    | 3 |  3.3

Action                   |  1- 3 |  4- 6 |  7- 9 | 10-12 | 13-15 | 16-18 | 19-21 | 22-24 | 25-27 || total
-------------------------+-------+-------+-------+-------+-------+-------+-------+-------+-------++-------
Melee: Long sword        |    91 |    59 |    51 |    25 |       |       |       |       |       ||   226
       Kick              |     9 |    51 |   157 |   198 |   214 |   181 |   300 |   644 |  1122 ||  2876
       Punch             |     1 |     2 |     8 |    12 |     1 |       |       |       |     1 ||    25
       Dagger            |       |   119 |   404 |   101 |       |       |       |       |       ||   624
       Scimitar          |       |       |       |   408 |    55 |       |       |       |       ||   463
       Great sword       |       |       |       |     6 |   595 |   526 |   684 |  1289 |  1335 ||  4435
       Triple sword      |       |       |       |       |       |       |       |       |   772 ||   772
       Quick blade       |       |       |       |       |       |       |       |       |    25 ||    25
       Demon blade       |       |       |       |       |       |       |       |       |    18 ||    18
       Unarmed           |       |       |       |       |       |       |       |       |     1 ||     1
 Fire: Arbalest          |       |       |       |       |    85 |       |       |       |       ||    85
       Longbow           |       |       |       |       |   188 |   876 |   183 |   447 |  1744 ||  3438
Throw: Stone             |    11 |       |       |       |       |       |       |       |       ||    11
       Boomerang         |     3 |    19 |    27 |    54 |     5 |       |       |       |       ||   108
       Throwing net      |       |     6 |     2 |       |     7 |       |     6 |     1 |       ||    22
       Javelin           |       |     1 |     2 |     6 |       |       |       |       |       ||     9
       Dart              |       |     1 |    18 |    64 |     7 |       |       |     2 |     4 ||    96
 Cast: Blink             |       |       |       |       |    17 |     1 |     2 |     3 |     4 ||    27
       Lesser Beckoning  |       |       |       |       |       |    23 |    46 |    61 |   118 ||   248
       Apportation       |       |       |       |       |       |       |       |    10 |    38 ||    48
       Dispel Undead     |       |       |       |       |       |       |       |       |    12 ||    12
       Passwall          |       |       |       |       |       |       |       |       |     4 ||     4
Invok: Shadow Form       |       |       |       |       |       |     1 |       |       |     3 ||     4
       Shadow Step       |       |       |       |       |       |       |     1 |       |       ||     1
Evoke: Wand              |       |     4 |       |    45 |    25 |     9 |     5 |     1 |    12 ||   101
       Phial of floods   |       |       |       |     1 |     3 |     3 |     1 |     3 |       ||    11
       Phantom mirror    |       |       |       |       |     4 |     1 |     1 |     1 |     5 ||    12
       Condenser vane    |       |       |       |       |       |       |       |       |     1 ||     1
  Use: Scroll            |     2 |     5 |     5 |    12 |    11 |    13 |     7 |     6 |    56 ||   117
       Potion            |     1 |       |     3 |     4 |    10 |    14 |     6 |     6 |    76 ||   120
 Stab: Sleeping          |       |     2 |     1 |     5 |    10 |     8 |    22 |    38 |    11 ||    97
       Paralysed         |       |     8 |       |       |       |       |       |     1 |       ||     9
       Held in net/web   |       |     5 |     2 |       |     3 |       |     7 |     1 |       ||    18
       Distracted        |       |       |       |     1 |     2 |       |     2 |     3 |    12 ||    20
       Invisible         |       |       |       |       |       |     8 |       |       |    22 ||    30
Armor: Leather armour    |    25 |    47 |   107 |    42 |       |       |    25 |    88 |       ||   334
       Acid dragon scale |       |       |       |    47 |    15 |       |       |       |       ||    62
       Ring mail         |       |       |       |       |    49 |       |    26 |   163 |    23 ||   261
       Scale mail        |       |       |       |       |    71 |   114 |       |       |       ||   185
       Robe              |       |       |       |       |     7 |       |       |       |       ||     7
       Troll leather arm |       |       |       |       |       |    58 |    41 |       |       ||    99
       Fire dragon scale |       |       |       |       |       |       |       |       |   601 ||   601
Dodge: Dodged            |    39 |    83 |   132 |   262 |   427 |   491 |   477 |   963 |  1640 ||  4514
Block: Other             |    13 |    33 |    69 |    82 |   124 |   135 |   113 |   226 |   423 ||  1218
       Reflection        |       |     1 |       |     3 |     7 |    35 |     7 |     9 |     5 ||    67

Table legend: (Time is in decaauts)
 A = Elapsed time spent in this place.
 B = Non-inter-level travel time spent in this place.
 C = Inter-level travel time spent in this place.
 D = Time resting spent in this place.
 E = Time spent auto-exploring this place.
 F = Levels seen in this place.
 G = Mean time per level.
                   A        B        C        D        E       F      G
               +--------+--------+--------+--------+--------+-----+--------+
         Total |  95564 |  88071 |   7493 |  28835 |  23829 |  85 | 1124.3 |
       Dungeon |  20563 |  17298 |   3265 |   4241 |   6649 |  15 | 1370.9 |
        Temple |     50 |     50 |      0 |      0 |      0 |   1 |   50.0 |
          Lair |   7554 |   6645 |    909 |   1235 |   3153 |   5 | 1510.8 |
        Shoals |   3768 |   3499 |    269 |    630 |     75 |   4 |  942.0 |
     Snake Pit |   9736 |   9526 |    210 |   4548 |   1575 |   4 | 2434.0 |
    Slime Pits |   1149 |   1149 |      0 |    121 |    105 |   5 |  229.8 |
  Orcish Mines |   1553 |   1252 |    301 |     89 |    361 |   2 |  776.5 |
   Elven Halls |   4173 |   3815 |    358 |    587 |   1213 |   3 | 1391.0 |
        Vaults |  10622 |   9658 |    964 |   2335 |   4269 |   5 | 2124.4 |
         Crypt |   5610 |   5460 |    150 |   2424 |   1608 |   3 | 1870.0 |
        Depths |   7085 |   6372 |    713 |   1634 |   2304 |   4 | 1771.2 |
           Zot |  10333 |   9984 |    349 |   4696 |   2113 |   5 | 2066.6 |
         Abyss |    253 |    253 |      0 |     25 |      5 |   2 |  126.5 |
   Pandemonium |  10713 |  10713 |      0 |   5346 |    395 |  16 |  669.6 |
      Ziggurat |    755 |    755 |      0 |    455 |      1 |   7 |  107.9 |
        Bazaar |     51 |     51 |      0 |      0 |      0 |   1 |   51.0 |
       Ossuary |    331 |    331 |      0 |     28 |      0 |   1 |  331.0 |
        Bailey |    407 |    407 |      0 |    256 |      0 |   1 |  407.0 |
      Ice Cave |    851 |    851 |      0 |    181 |      0 |   1 |  851.0 |
               +--------+--------+--------+--------+--------+-----+--------+

Top non-repeatable levels by time:
 Snake:4: 3160 daAuts
   Zot:1: 2838 daAuts
Vaults:3: 2558 daAuts
Depths:2: 2525 daAuts
 Snake:3: 2499 daAuts
 Crypt:3: 2492 daAuts
Vaults:2: 2457 daAuts
Vaults:1: 2432 daAuts
 Snake:1: 2355 daAuts
    D:12: 2116 daAuts
 Crypt:1: 2095 daAuts
   Zot:2: 2036 daAuts
  Lair:4: 2031 daAuts
   Zot:5: 2027 daAuts
   Zot:3: 1978 daAuts
